 Dungeon Crawl Stone Soup version 0.31-a0-256-g80acddb972 (webtiles) character file.

Game seed: 8354746611645924760

75 qw the Shooter (level 4, -1/12 (36) HPs)
             Began as a Minotaur Hexslinger on July 12, 2023.
             Slain by an orc wizard
             ... wielding a +2 dagger of draining
              (5 damage)
             ... on level 2 of the Dungeon.
             The game lasted 00:00:32 (1489 turns).

qw the Shooter (Minotaur Hexslinger)                Turns: 1489, Time: 00:00:32

HP:   -1/12 (36)    AC:  5    Str: 12    XL:     4   Next: 11%
MP:   4/4           EV: 12    Int: 10    God:
Gold: 101           SH:  0    Dex: 15    Spells: 4/5 levels left

rFire   . . .        Y - +2 sling
rCold   . . .        (no shield)
rNeg    . . .        i - +0 leather armour
rPois   .            (helmet restricted)
rElec   .            (no cloak)
rCorr   .            f - +1 pair of gloves
SInv    .            (no boots)
Will    .....        a - amulet of regeneration
Stlth   +            (no ring)
HPRegen 1.02/turn    (no ring)
MPRegen 0.09/turn

%: no passive effects
@: extremely drained
A: horns 2, retaliatory headbutt
a: no special abilities


You were on level 2 of the Dungeon.
You visited 1 branch of the dungeon, and saw 3 of its levels.

You collected 101 gold pieces.


Innate Abilities, Weirdness & Mutations

You have a pair of horns on your head.
You reflexively headbutt those who attack you in melee.


   Skills:
 - Level 2.0 Fighting
 + Level 4.6 Ranged Weapons
 - Level 2.1 Dodging
 - Level 1.0 Spellcasting
 - Level 2.0 Hexes


You had 4 spell levels left.
You knew the following spells:

 Your Spells              Type           Power      Damage    Failure   Level
a - Slow                  Hex            16%        N/A       19%         1

Your spell library contained the following spells:

 Spells                   Type           Power      Damage    Failure   Level
 Inner Flame              Hex/Fire       2%         N/A       65%         3
 Portal Projectile        Hex/Tloc       4%         N/A       65%         3
 Cause Fear               Hex            2%         N/A       88%         4

Inventory:

Hand Weapons
 Y - a +2 sling (weapon)
Armour
 f - a +1 pair of gloves (worn)
 i - a +0 leather armour (worn)
Jewellery
 a - an amulet of regeneration (around neck)
Scrolls
 e - a scroll of identify
Potions
 d - a potion of ambrosia {unknown}
 g - a potion of heal wounds {unknown}
 j - a potion of might {unknown}

Dungeon Overview and Level Annotations

Branches:
Dungeon (3/15)

Altars:


Message History

The orc barely misses you. Something hits you but does no damage.
You feel drained.
You feel less confused. The orc misses you.
Something hits you but does no damage.
You feel drained.
You shoot a sling bullet.
The sling bullet closely misses the orc.
The orc misses you. Something hits you.
You feel drained.
You shoot a sling bullet. The sling bullet hits the orc.
The orc is heavily wounded.
The orc barely misses you. Something hits you.
You feel drained.
You shoot a sling bullet. The sling bullet hits the orc.
The orc is almost dead.
The orc barely misses you. Something hits you.
You feel drained.
You shoot a sling bullet. The sling bullet hits the orc!
You kill the orc!
Something hits you.
You feel drained.
You hear some strange, mumbled words.
You are confused.
You shoot a sling bullet. Something hits you.
You feel drained.
You shoot a sling bullet. Something hits you.
You feel drained.
You shoot a sling bullet. Something hits you but does no damage.
You feel drained.
You shoot a sling bullet. Something hits you but does no damage.
You feel drained.
You shoot a sling bullet.
You feel less confused. Something completely misses you. Something hits you.
You feel drained.
You shoot a sling bullet. Something hits you.
You feel drained.
You shoot a sling bullet. Something hits you.
You feel drained.
You shoot a sling bullet. Something hits you.
You feel drained.
You shoot a sling bullet. Something hits you.
You feel drained.
You shoot a sling bullet. Something hits you.
You feel drained. Something hits you.
You die...

#.....# #.#
......# #.#
#.....#
##.######
#.....#
#.......#
#######
#..####.#
#..####.#
########
#....##.#
#......#
#.##.##[#
#.####.#
#.##.##@# #.#
#.# #.....){#
#.#
#.######.####
..#
#........#
###
##########


There were no monsters in sight!

Vanquished Creatures
  An orc wizard (D:2)
  An adder (D:3)
  2 dart slugs
  2 orcs (D:2)
  An endoplasm (D:1)
  3 giant cockroaches
  2 goblins
  4 hobgoblins
  A quokka (D:2)
  3 ball pythons (D:1)
  A bat (D:2)
  A frilled lizard (D:1)
  3 kobolds
  13 rats
38 creatures vanquished.

Notes
Turn   | Place    | Note
-------+----------+-------------------------------------------
     0 | D:1      | qw the Minotaur Hexslinger began the quest for the Orb.
     0 | D:1      | Reached XP level 1. HP: 16/16 MP: 1/1
     0 | D:1      | 0 ||| qw: Version: 0.3-a-52-g30416fa
     0 | D:1      | 0 ||| qw: Game counter: 6731
     0 | D:1      | 0 ||| qw: Melee chars always use a shield: true
     0 | D:1      | 0 ||| qw: God list: Okawaru
     0 | D:1      | 0 ||| qw: Allow faded altars: false
     0 | D:1      | 0 ||| qw: Do Orc after clearing Dungeon:15 true
     0 | D:1      | 0 ||| qw: Do second Lair branch before Depths: true
     0 | D:1      | 0 ||| qw: Lair rune preference: random
     0 | D:1      | 0 ||| qw: Goals: Normal
     0 | D:1      | 0 ||| PLANNING D:1-11
   238 | D:1      | Reached skill level 3 in Ranged Weapons
   256 | D:1      | Reached XP level 2. HP: 23/23 MP: 2/2
   515 | D:1      | Found a faded altar of an unknown god.
   734 | D:1      | 734 ||| DROPPING ring of magical power.
   735 | D:1      | 735 ||| READING scroll labelled FEWONG SALAE.
   736 | D:1      | 736 ||| READING scroll labelled KASUDUNAREF.
   737 | D:1      | 737 ||| DROPPING scroll of poison.
   841 | D:2      | Reached XP level 3. HP: 29/29 MP: 3/3
  1346 | D:2      | 1346 ||| UPGRADING to +1 pair of gloves.
  1351 | D:2      | 1351 ||| UPGRADING to +0 leather armour.
  1361 | D:2      | 1361 ||| DROPPING +0 robe.
  1362 | D:2      | 1362 ||| UPGRADING to amulet of regeneration.
  1367 | D:2      | 1367 ||| READING 2 scrolls labelled JIET CEXOINEWN.
  1368 | D:2      | 1368 ||| READING scroll labelled EGGONE APAO.
  1371 | D:2      | 1371 ||| DRINKING 2 fizzy coppery potions.
  1412 | D:2      | 1412 ||| DROPPING potion of lignification.
  1431 | D:3      | Reached skill level 4 in Ranged Weapons
  1434 | D:3      | 1434 ||| STAIRDANCE
  1450 | D:2      | Reached XP level 4. HP: 29/36 MP: 4/4
  1465 | D:3      | 1465 ||| STAIRDANCE
  1489 | D:2      | Slain by an orc wizard

Levels and vault maps discovered:
D:1:      minmay_arrival_three_doors, layout_loops_ring, basic_ecumenical_altar,
          hangedman_decor_points, minmay_rat_gold_closets
D:2:      layout_loops_cross
D:3:      layout_loops_ring, nicolae_dithmenos_through_a_glass_darkly

Skill      XL: |  1  2  3 |
---------------+----------+-----
Ranged Weapons | 3 4 |  4.6
Fighting       | 2 |  2.0
Dodging        | |  2.1
Spellcasting   | |  1.0
Hexes          | |  2.0

Action                     |  1- 3 |  4- 6 || total
---------------------------+-------+-------++-------
   Fire: Sling             |    86 |    21 ||   107
    Use: Scroll            |     4 |       ||     4
         Potion            |     1 |       ||     1
 Armour: Robe              |     4 |       ||     4
         Leather armour    |     6 |     7 ||    13
  Dodge: Dodged            |    15 |    13 ||    28

Table legend:
 A = Non-vault XP
 B = Vault XP
 C = Vault XP percentage of total XP
 D = Non-vault monster count
 E = Vault monster count
 F = Vault count percentage of total count
                 A         B        C        D         E       F
            +---------+---------+-------+---------+---------+-------
      Total |      99 |       9 |   8.3 |      29 |       9 |  23.7
            +---------+---------+-------+---------+---------+-------
        D:1 |      27 |       9 |  25.0 |      16 |       9 |  36.0
        D:2 |      55 |       0 |   0.0 |      11 |       0 |   0.0
        D:3 |      17 |       0 |   0.0 |       2 |       0 |   0.0
            +---------+---------+-------+---------+---------+-------
